Map: Deathaura LE

Players

RazerBlader

  • Race: Terran Terran
  • League: Master
  • Spawn Location: 5:00

Seither - Winner!

  • Race: Terran Terran
  • League: Grandmaster
  • Spawn Location: 11:00

Event: DreamHack SC2 Masters 2020 Winter

VOD

Have the link to the VOD?

Description

Time

  • Played on: Oct. 21, 2020, 7:35 a.m.
  • Length: 9:17

All games in this series

Show
View Real Time Build Order
Export as new Build Order

RazerBlader Terran 

Build Orders:  

Get SALT Encoding   

  12  0:00  SCV  
  13  0:12  SCV  
  14  0:17  Supply Depot  
  14  0:24  SCV  
  14  0:28  Refinery  
  15  0:39  SCV  
  16  0:44  Barracks  
  16  0:51  SCV  
  16  0:55  Refinery  
  17  1:03  SCV  
  18  1:15  SCV  
  19  1:31  Orbital Command  
  19  1:32  Reaper  
  20  1:34  Factory  
  20  1:42  Supply Depot  
  20  1:57  SCV  
  21  2:04  Reaper  
  22  2:09  SCV  
  23  2:18  Hellion  
  23  2:21  SCV  
  26  2:28  Command Center  
  26  2:33  SCV  
  26  2:36  Barracks Reactor  
  27  2:42  Hellion  
  27  2:44  Supply Depot  
  29  2:46  SCV  
  30  2:57  Starport  
  30  2:58  SCV  
  31  3:05  Factory Tech Lab  
  31  3:10  SCV  
  31  3:12  Marine x2  
  33  3:19  Supply Depot  
  34  3:24  Siege Tank  
  37  3:34  Medivac  
  37  3:39  Marine x2, SCV  
  42  3:45  Orbital Command  
  42  3:51  SCV  
  43  3:56  Refinery  
  43  3:59  Cyclone  
  43  4:00  Marine  
  43  4:02  Marine  
  48  4:07  SCV  
  49  4:11  SCV  
  49  4:14  Supply Depot  
  49  4:15  Starport Tech Lab  
  50  4:19  SCV  
  50  4:22  Marine x2  
  53  4:25  SCV  
  54  4:34  Raven  
  54  4:37  SCV  
  57  4:40  Marine  
  57  4:43  Siege Tank  
  53  4:54  SCV x2, Marine  
  53  4:57  Marine  
  57  5:02  Command Center  
  57  5:06  SCV  
  58  5:10  SCV  
  58  5:12  Marine  
  60  5:17  Siege Tank  
  60  5:18  SCV  
  64  5:22  Raven, SCV  
  64  5:25  Supply Depot  
  67  5:30  SCV  
  67  5:31  Marine x2  
  70  5:38  Supply Depot  
  70  5:44  Refinery  
  70  5:45  Engineering Bay  
  70  5:46  SCV x2, Engineering Bay  
  72  5:53  Siege Tank  
  75  5:58  Barracks  
  75  5:59  SCV x2  
  75  6:00  Barracks  
  77  6:11  SCV x2  
  79  6:14  Terran Infantry Armor Level 1, Terran Infantry Weapons Level 1  
  79  6:15  Orbital Command  
  79  6:20  Starport Reactor  
  79  6:21  Stimpack  
  79  6:22  Marine  
  79  6:23  SCV x2  
  82  6:32  Siege Tank  
  84  6:35  SCV  
  85  6:42  SCV  
  85  6:44  Barracks  
  85  6:46  Barracks  
  86  6:49  SCV  
  86  6:50  SCV  
  86  6:52  Marine  
  86  6:53  Marine  
  91  6:54  SCV  
  91  6:55  Barracks Reactor  
  91  6:57  Supply Depot  
  91  6:58  Medivac  
  91  7:01  SCV, Marine  
  93  7:04  Medivac  
  93  7:06  Orbital Command  
  96  7:10  Marine  
  96  7:11  Armory, Marine  
  98  7:15  SCV  
  98  7:20  Siege Tank, Marine  
  103  7:28  Marine  
  103  7:29  Marine  
  103  7:31  SCV  
  101  7:38  Marine  
  101  7:40  SCV  
  101  7:41  Starport Reactor  
  101  7:43  SCV  
  105  7:44  Barracks Reactor  
  105  7:46  SCV, Marine  
  105  7:47  Marine  
  105  7:51  Marine  
  108  7:52  SCV  
  109  8:00  Supply Depot, Marine  
  109  8:01  Supply Depot, SCV x2  
  109  8:03  Marine  
  109  8:04  SCV  
  109  8:05  Marine x2  
  114  8:14  Marine  
  114  8:18  Supply Depot x2  
  117  8:21  Marine  
  117  8:24  Marine  
  117  8:25  Marine x2  
  119  8:27  Marine  
  119  8:33  Marine x2  
  119  8:39  Marine  
  120  8:42  Marine x2  
  120  8:43  Marine  
  120  8:45  Marine, Factory Tech Lab  
  120  8:46  Medivac  
  120  8:47  Medivac  
  128  8:51  Marine  
  128  8:53  Marine  
  126  8:57  Marine  
Show
View Real Time Build Order
Export as new Build Order

Seither Terran - Winner!

Build Orders:  

Get SALT Encoding   

  12  0:00  SCV  
  13  0:12  SCV  
  14  0:17  Supply Depot  
  14  0:25  SCV  
  15  0:39  SCV  
  15  0:41  Barracks  
  16  0:43  Refinery  
  16  0:51  SCV  
  17  0:57  Refinery  
  17  1:03  SCV  
  18  1:15  SCV  
  19  1:29  Orbital Command, Reaper  
  20  1:32  Supply Depot  
  20  1:42  Factory  
  20  1:57  SCV  
  21  2:01  Reaper  
  22  2:09  SCV  
  23  2:21  SCV  
  23  2:22  Command Center  
  24  2:28  Hellion  
  26  2:33  SCV  
  26  2:35  Barracks Reactor  
  27  2:44  Supply Depot  
  27  2:45  SCV  
  27  2:50  Widow Mine  
  30  2:55  Starport  
  30  2:57  SCV  
  31  3:10  SCV  
  31  3:11  Marine x2  
  34  3:13  Factory Tech Lab  
  34  3:24  SCV  
  35  3:29  Marine x2  
  35  3:30  Refinery  
  35  3:32  Starport Tech Lab  
  35  3:34  Cyclone  
  40  3:37  SCV  
  40  3:40  Orbital Command  
  41  3:47  Marine x2  
  43  3:49  SCV  
  43  3:55  Raven  
  46  4:01  SCV  
  47  4:05  Supply Depot, Marine x2  
  49  4:10  SCV  
  49  4:13  SCV  
  49  4:14  Siege Tank  
  54  4:24  Supply Depot  
  54  4:26  SCV x2  
  54  4:27  Marine x2  
  58  4:38  SCV x2  
  58  4:39  Raven  
  58  4:53  SCV x2  
  58  4:54  Marine x2  
  58  4:55  Siege Tank  
  58  4:57  Supply Depot  
  65  5:06  SCV  
  65  5:07  SCV  
  67  5:09  Command Center  
  67  5:11  Refinery  
  66  5:14  Marine x2  
  66  5:19  SCV x2  
  70  5:24  Raven  
  70  5:26  Supply Depot  
  72  5:31  SCV x2  
  72  5:33  Siege Tank  
  72  5:34  Marine  
  78  5:42  Supply Depot  
  78  5:48  Marine, SCV x2  
  81  5:52  Barracks  
  81  5:53  Supply Depot  
  81  5:54  Barracks  
  81  5:57  Marine  
  81  6:00  SCV x2  
  84  6:09  Engineering Bay  
  84  6:10  Engineering Bay  
  84  6:11  Siege Tank  
  84  6:12  SCV  
  88  6:20  Supply Depot  
  88  6:21  SCV  
  88  6:22  Orbital Command  
  88  6:24  Viking  
  91  6:26  SCV  
  91  6:29  Viking  
  94  6:34  Marine  
  94  6:36  Terran Infantry Weapons Level 1  
  94  6:37  Terran Infantry Armor Level 1  
  94  6:38  SCV  
  96  6:41  Barracks Reactor x2  
  96  6:43  Stimpack  
  96  6:44  Orbital Command  
  94  6:53  Marine  
  95  6:54  Siege Tank  
  95  6:56  SCV x2  
  100  7:05  Viking x2  
  104  7:13  Supply Depot  
  104  7:14  SCV x3  
  107  7:16  Marine  
  107  7:19  Barracks  
  107  7:20  Barracks  
  108  7:26  SCV x2  
  110  7:40  Marine  
  110  7:41  Marine x4  
  110  7:42  Siege Tank, Medivac x2  
  110  7:43  SCV x2  
  122  7:54  SCV  
  122  7:55  SCV, Refinery  
  122  7:56  Armory, Refinery  
  122  7:58  Supply Depot, Marine x2  
  124  7:59  Marine x2  
  127  8:18  Marine x4, Barracks Reactor x2  
  127  8:19  Siege Tank  
  135  8:20  Medivac  
  135  8:21  Medivac, SCV  
  135  8:22  SCV  
  135  8:26  Supply Depot  
  139  8:28  Marine  
  140  8:35  Supply Depot, Marine  
  141  8:42  Supply Depot  
  141  8:43  Supply Depot  
  141  8:47  Marine x4  
  145  8:52  Supply Depot  
  145  8:53  Marine  
  149  8:59  Marine x3  
Tags
 
Add a new tag
Caveats
  • Supply blocks, unpowered buildings, or Contaminate may cause inaccurate times.
  • Supply counts are checked every 10 seconds.